 Dungeon Crawl Stone Soup version 0.20.1-1-g8b1a95d (webtiles) character file.

2429 Knicklaso the Ruffian (level 9, 0/88 HPs)
             Began as a Troll Earth Elementalist on July 19, 2017.
             Slain by a wight
             ... wielding a +0 trident
              (2 damage)
             ... on level 8 of the Dungeon.
             The game lasted 00:19:37 (6154 turns).

Knicklaso the Ruffian (Troll Earth Elementalist)    Turns: 6154, Time: 00:19:39

Health: 0/88       AC:  6    Str: 14    XL:     9   Next: 24%
Magic:  12/12      EV: 12    Int: 14    God:
Gold:   206        SH:  3    Dex: 16    Spells: 13/14 levels left

rFire    . . .     SeeInvis .   E - +4 war axe of Spores {venom, rN+ Str-2 Dex+2}
rCold    . . .     Gourm    +   (no shield)
rNeg     + . .     Faith    .   F - +1 robe "Piarchife" {rElec MR+ Str-2}
rPois    .         Spirit   .   (helmet restricted)
rElec    +         Reflect  +   (no cloak)
rCorr    .         Harm     .   (gloves unavailable)
MR       +....     Rnd*Rage +   (boots unavailable)
Stlth    ++........             l - +3 amulet of reflection
Regen    0.7/turn               q - +2 ring of dexterity
MPRegen  0.2/turn               (no ring)

@: hasted, drained, very quick
A: unfitting armour, claws 3, thin skeletal structure 1, berserk 1, fast
metabolism 3, gourmand, regeneration 1, shaggy fur 1, tough skin 2
a: no special abilities


You were on level 8 of the Dungeon.
You were not hungry.

You visited 1 branch of the dungeon, and saw 9 of its levels.

You collected 320 gold pieces.
You spent 114 gold pieces at shops.

Inventory:

Hand Weapons
 E - the +4 war axe of Spores (weapon) {venom, rN+ Str-2 Dex+2}
   (You found it on level 6 of the Dungeon)

   It poisons the flesh of those it strikes.
   It affects your strength (-2).
   It affects your dexterity (+2).
   It protects you from negative energy.
Missiles
 b - 213 stones (quivered)
Armour
 F - the +1 robe "Piarchife" (worn) {rElec MR+ Str-2}
   (You bought it in a shop on level 6 of the Dungeon)

   It affects your strength (-2).
   It insulates you from electricity.
   It affects your resistance to hostile enchantments.
Jewellery
 l - a +3 amulet of reflection (around neck)
 q - a +2 ring of dexterity (left claw)
Wands
 c - a wand of enslavement (8/24)
 A - a wand of polymorph (11/24)
 B - a wand of lightning (7/15)
Scrolls
 h - 3 scrolls of enchant weapon {unknown}
 i - 2 scrolls of fog {unknown}
 j - 4 scrolls of teleportation {unknown}
 k - 2 scrolls of magic mapping {unknown}
 o - 7 scrolls of identify {unknown}
 s - 2 scrolls of enchant armour {unknown}
 v - a scroll of fear {unknown}
 w - 2 scrolls of remove curse {unknown}
 x - a scroll of amnesia {unknown}
 C - a scroll of immolation {unknown}
Potions
 a - a potion of magic {unknown}
 g - 4 potions of mutation
 n - 2 potions of haste
 p - 4 potions of curing {unknown}
 r - a potion of brilliance {unknown}
 t - 3 potions of heal wounds {unknown}
 u - 2 potions of degeneration {unknown}
 z - 2 potions of flight {unknown}
 D - a potion of invisibility {unknown}
Books
 e - a book of Geomancy

   Spells                             Type                      Level
   a - Sandblast                      Earth                        1
   b - Passwall                       Transmutation/Earth          2
   c - Stone Arrow                    Conjuration/Earth            3
   d - Petrify                        Transmutation/Earth          4
   e - Lee's Rapid Deconstruction     Earth                        5
 y - a book of Minor Magic

   Spells                             Type                      Level
   a - Magic Dart                     Conjuration                  1
   b - Blink                          Translocation                2
   c - Call Imp                       Summoning                    2
   d - Slow                           Hexes                        2
   e - Conjure Flame                  Conjuration/Fire             3
   f - Mephitic Cloud                 Conjuration/Poison/Air       3
Comestibles
 d - 5 bread rations
 f - 2 royal jellies
 m - 7 meat rations


   Skills:
 - Level 5.0(4.1) Fighting
 - Level 5.4(4.5) Dodging
 - Level 1.0(0.2) Stealth
 - Level 6.0(5.1) Unarmed Combat
 + Level 3.0(2.2) Spellcasting
   Level 0.6(0.0) Transmutations
 + Level 4.8(4.0) Earth Magic


You had 13 spell levels left.
You knew the following spells:

 Your Spells              Type           Power        Failure   Level  Hunger
a - Sandblast             Erth           ##....       4%          1    #......


Dungeon Overview and Level Annotations

Branches:
Dungeon (9/15)             Temple (0/1) D:6
   Lair: D:8-11         Orc: D:9-12

Altars:
Nemelex Xobeh
Okawaru
Qazlal
Trog
Vehumet
Zin

Shops:
D:5 (   D:6 *[


Innate Abilities, Weirdness & Mutations

You are too large for most types of armour.
You have claws for hands.
Your metabolism is lightning-fast.
You like to eat raw meat.
Your natural rate of healing is unusually fast.
You are covered in fur. (AC +1)
You have very tough skin. (AC +2)
You have a somewhat thin skeletal structure. (Dex +2, Stealth)
You tend to lose your temper in combat.


Message History

You partially resist.
You feel drained. The wight freezes you.
* * * LOW HITPOINT WARNING * * *
There is a stone staircase leading down, spattered with blood here.
It was a potion of mutation.
You feel extremely strange.
You feel a little pissed off.
Your bones become slightly less dense.
You block the leopard gecko zombie's attack.
The wight closely misses you. x2
The wight hits you with a short sword of freezing.
* * * LOW HITPOINT WARNING * * *
You partially resist.
You feel drained. The wight freezes you.
* * * LOW HITPOINT WARNING * * *
The wight barely misses you.
It was a potion of haste.
You feel yourself speed up.
The wight hits you with an enchanted great sword!
* * * LOW HITPOINT WARNING * * *
You partially resist.
You feel drained.
* * * LOW HITPOINT WARNING * * *
The leopard gecko zombie bites you but does no damage.
The wight hits you with a trident.
You die...

#.......#
#.......# #
+.......# ###.
#.......+....
#.......##.#
+........<.#
#..".......+
.........zzz.#
.........z@..#
##.##.
#.########Zz.#
..... ... #
#...#### #..##....
#......###..# ....
#...........##....
#.......#....#...
#.......#....##.#
#.......#....##.#
#######....#....#


You could see 5 wights and a leopard gecko zombie.

Vanquished Creatures
  Grinder (D:4)
  An ice beast (D:5)
  A sky beast (D:5)
  A phantom (D:7)
  3 ogres
  2 eyes of draining (D:3)
  2 centaurs
  A big kobold (D:4)
  3 bullfrogs
  2 scorpions (D:6)
  3 killer bees (D:6)
  5 wights (D:6)
  3 crimson imps
  A bullfrog zombie (D:7)
  A centaur skeleton (D:7)
  2 hounds
  2 orc wizards
  3 worker ants
  2 iguanas
  A hound skeleton (D:8)
  A howler monkey zombie (D:5)
  A worker ant zombie (D:5)
  A gnoll (D:5)
  10 adders
  3 shadow imps
  3 oozes
  A worm (D:2)
  2 leopard geckos
  13 orcs
  9 giant cockroaches
  10 goblins
  13 hobgoblins
  6 jackals
  6 kobolds
  6 quokkas
  A ball python (D:5)
  7 bats
  4 frilled lizards
  2 leopard gecko skeletons (D:5)
  A leopard gecko zombie (D:5)
  5 rats
145 creatures vanquished.

Notes
Turn   | Place    | Note
-------+----------+-------------------------------------------
     0 | D:1      | Knicklaso the Troll Earth Elementalist began the quest for the Orb.
     0 | D:1      | Reached XP level 1. HP: 16/16 MP: 1/1
   371 | D:1      | Reached XP level 2. HP: 26/26 MP: 2/2
   373 | D:1      | Reached skill level 1 in Fighting
   826 | D:1      | Reached skill level 1 in Unarmed Combat
   965 | D:2      | Reached XP level 3. HP: 30/33 MP: 3/3
  1601 | D:2      | Found a sparkling altar of Nemelex Xobeh.
  1791 | D:2      | Reached XP level 4. HP: 42/42 MP: 4/4
  1804 | D:2      | Found a glowing silver altar of Zin.
  1804 | D:2      | Noticed an angel
  2064 | D:3      | Reached skill level 2 in Unarmed Combat
  2408 | D:3      | Found a bloodstained altar of Trog.
  2408 | D:3      | Noticed an eye of draining
  2594 | D:3      | Noticed an eye of draining
  2604 | D:3      | Killed an eye of draining
  2604 | D:3      | Reached XP level 5. HP: 50/50 MP: 0/5
  2612 | D:3      | Killed an eye of draining
  2612 | D:3      | Reached skill level 3 in Unarmed Combat
  2612 | D:3      | Reached XP level 6. HP: 59/59 MP: 0/6
  2669 | D:4      | Noticed Grinder
  2687 | D:4      | Paralysed by Grinder for 2 turns
  2697 | D:4      | Paralysed by Grinder for 6 turns
  2708 | D:4      | Killed Grinder
  2900 | D:4      | Reached skill level 4 in Unarmed Combat
  2939 | D:4      | Reached XP level 7. HP: 54/67 MP: 5/7
  3143 | D:5      | Entered Level 5 of the Dungeon
  3152 | D:5      | Found Paiga's Antique Weapon Emporium.
  3312 | D:5      | Found an iron altar of Okawaru.
  3312 | D:5      | Found a stormy altar of Qazlal.
  3334 | D:5      | Reached skill level 5 in Unarmed Combat
  3478 | D:5      | Reached XP level 8. HP: 51/78 MP: 5/8
  3818 | D:6      | Found a staircase to the Ecumenical Temple.
  3831 | D:6      | Found Huopreb's Assorted Antiques.
  3908 | D:6      | Reached skill level 5 in Dodging
  4174 | D:6      | Found a radiant altar of Vehumet.
  4289 | D:6      | Reached skill level 5 in Fighting
  4289 | D:6      | Reached skill level 6 in Unarmed Combat
  4869 | D:6      | Got a smoking war axe
  4870 | D:6      | Identified the +4 war axe of Spores {venom, rN+ Str-2 Dex+2} (You found it on level 6 of the Dungeon)
  4908 | D:6      | Found Hempeuh's Antique Armour Emporium.
  4912 | D:6      | Bought a colourful robe for 114 gold pieces
  4922 | D:6      | Identified the +1 robe "Piarchife" {rElec MR+ Str-2} (You bought it in a shop on level 6 of the Dungeon)
  5107 | D:6      | Reached XP level 9. HP: 76/88 MP: 11/11
  6153 | D:8      | Gained mutation: You tend to lose your temper in combat. [potion of mutation]
  6153 | D:8      | Gained mutation: You have a somewhat thin skeletal structure. (Dex +2, Stealth) [potion of mutation]
  6154 | D:8      | HP: 2/88 [wight/enchanted great sword (3)]
  6154 | D:8      | Slain by a wight

Skill      XL: |  1  2  3  4  5  6  7  8  9 |
---------------+----------------------------+-----
Fighting       | 1 2 3 4 5 |  5.0
Unarmed Combat | 1 2 3 4 5 6 |  6.0
Dodging        | 2 3 4 5 |  5.4
Earth Magic    | 4 |  4.8
Spellcasting   | 2 3 |  3.0
Stealth        | |  1.0
Transmutations | |  0.6

Action                   |  1- 3 |  4- 6 |  7- 9 || total
-------------------------+-------+-------+-------++-------
Melee: Unarmed           |   117 |   101 |   178 ||   396
       Punch             |       |     2 |     8 ||    10
       War axe           |       |       |   116 ||   116
 Cast: Sandblast         |     3 |     8 |    25 ||    36
  Use: Potion            |       |       |     2 ||     2
 Stab: Sleeping          |     2 |     6 |     5 ||    13
  Eat: Chunk             |    19 |     8 |    30 ||    57
       Royal jelly       |       |       |     1 ||     1
Armor: Robe              |    37 |    29 |    81 ||   147
Dodge: Dodged            |    44 |    34 |   177 ||   255
Block: Other             |       |       |    15 ||    15
       Reflection        |       |       |     1 ||     1
